TOP OF THE 1ST |
Elmira Pioneers batting - Pitching for Reading Phillies : RHP Greg Field
|
Pitching: RHP Greg Field
|
|
Batting: RHB Fred Manrique
|
0-0: Called Strike 0-1: Ball 1-1: Ground out 3-1 (Groundball, 34, EV 104.4 MPH)
|
Batting: LHB Neil Fiala
|
0-0: Foul Ball, location: 2F 0-1: Called Strike 0-2: Strikes out swinging
|
Batting: LHB Pat Sheridan
|
0-0: Ball 1-0: Foul Ball, location: 2F 1-1: Ball 2-1: Swinging Strike 2-2: Foul Ball, location: 2F 2-2: Foul Ball, location: 2F 2-2: Fly out, F7 (Flyball, 7, EV 88.8 MPH)
|
Top of the 1st over - 0 runs, 0 hits, 0 errors, 0 left on base; Elmira 0 - Reading 0 |
BOTTOM OF THE 1ST |
Reading Phillies batting - Pitching for Elmira Pioneers : LHP Bill Scherrer
|
Pitching: LHP Bill Scherrer
|
|
Batting: SHB Steven Malito
|
0-0: Called Strike 0-1: Foul Ball, location: 2F 0-2: Ball 1-2: Ball 2-2: Ball 3-2: Base on Balls
|
Batting: RHB Greg Dahl
|
0-0: Ball 1-0: Called Strike 1-1: Ball 2-1: Fly out, F7 (Flyball, 7LS, EV 95.0 MPH)
|
Batting: LHB Pedro Rabassa
|
0-0: Called Strike 0-1: Ball 1-1: Ball 2-1: SINGLE (Line Drive, 9S, EV 96.9 MPH) Steven Malito to second
|
Batting: RHB Dave Sax
|
0-0: Called Strike 0-1: Ball 1-1: Ball 2-1: Foul Ball, location: 2F 2-2: Ball 3-2: Foul Ball, location: 2F 3-2: Foul Ball, location: 2F 3-2: Foul Ball, location: 2F 3-2: SINGLE (Line Drive, 9S, EV 90.0 MPH) Steven Malito to third Pedro Rabassa to second Runner from 3rd tries for Home, SAFE, throw by RF to home
|
Batting: LHB Paul Hertzler
|
0-0: Ball 1-0: Ball 2-0: Fly out, F8 (Line Drive, 8RM, EV 99.4 MPH)
|
Batting: RHB Jose Flores
|
0-0: Foul Ball, location: 2F 0-1: Ball 1-1: Called Strike 1-2: Fielders Choice at 2nd, 5-4 (Groundball, 56, EV 91.9 MPH)
|
Bottom of the 1st over - 1 run, 2 hits, 0 errors, 2 left on base; Elmira 0 - Reading 1 |
TOP OF THE 2ND |
Elmira Pioneers batting - Pitching for Reading Phillies : RHP Greg Field
|
Batting: RHB Paul O'Neill
|
0-0: Swinging Strike 0-1: Swinging Strike 0-2: Ball 1-2: Ball 2-2: Foul Ball, location: 2F 2-2: Strikes out swinging
|
Batting: RHB Greg Baker
|
0-0: Foul Ball, location: 2F 0-1: Called Strike 0-2: Foul Ball, location: 2F 0-2: Strikes out swinging
|
Batting: SHB Esteban Mendez
|
0-0: Ball 1-0: Fly out, F8 (Flyball, 89D, EV 93.1 MPH)
|
Top of the 2nd over - 0 runs, 0 hits, 0 errors, 0 left on base; Elmira 0 - Reading 1 |
BOTTOM OF THE 2ND |
Reading Phillies batting - Pitching for Elmira Pioneers : LHP Bill Scherrer
|
Batting: LHB Kenneth Baker
|
0-0: Fly out, F5 (Popup, 56S, EV 79.4 MPH)
|
Batting: RHB Mark Sproesser
|
0-0: Foul Ball, location: 2F 0-1: Foul Ball, location: 2F 0-2: Ball 1-2: Ground out 6-3 (Groundball, 6, EV 85.6 MPH)
|
Batting: LHB Art Miles
|
0-0: SINGLE (Line Drive, 89S, EV 90.6 MPH)
|
Batting: SHB Steven Malito
|
0-0: Ball Art Miles is caught stealing 2nd base 2-4
|
Bottom of the 2nd over - 0 runs, 1 hit, 0 errors, 0 left on base; Elmira 0 - Reading 1 |
TOP OF THE 3RD |
Elmira Pioneers batting - Pitching for Reading Phillies : RHP Greg Field
|
Batting: RHB Greg Keatley
|
0-0: Ball 1-0: Foul Ball, location: 2F 1-1: Swinging Strike 1-2: Foul Ball, location: 2F 1-2: Ball 2-2: Foul Ball, location: 2F 2-2: Strikes out swinging
|
Batting: RHB Richard Givens
|
0-0: Called Strike 0-1: Fly out, F4 (Flyball, 3D, EV 84.4 MPH)
|
Batting: LHB German Barranca
|
0-0: Fly out, F7 (Flyball, 7LS, EV 92.5 MPH)
|
Top of the 3rd over - 0 runs, 0 hits, 0 errors, 0 left on base; Elmira 0 - Reading 1 |
BOTTOM OF THE 3RD |
Reading Phillies batting - Pitching for Elmira Pioneers : LHP Bill Scherrer
|
Batting: SHB Steven Malito
|
0-0: Swinging Strike 0-1: Swinging Strike 0-2: Strikes out swinging
|
Batting: RHB Greg Dahl
|
0-0: Foul Ball, location: 2F 0-1: Ball 1-1: Fly out, F8 (Flyball, 8RS, EV 71.9 MPH)
|
Batting: LHB Pedro Rabassa
|
0-0: Called Strike 0-1: Ball 1-1: Called Strike 1-2: Strikes out swinging
|
Bottom of the 3rd over - 0 runs, 0 hits, 0 errors, 0 left on base; Elmira 0 - Reading 1 |
TOP OF THE 4TH |
Elmira Pioneers batting - Pitching for Reading Phillies : RHP Greg Field
|
Batting: RHB Fred Manrique
|
0-0: Ball 1-0: Ball 2-0: Foul Ball, location: 2F 2-1: Foul Ball, location: 2F 2-2: Ground out U3 (Groundball, 34, EV 86.9 MPH)
|
Batting: LHB Neil Fiala
|
0-0: Called Strike 0-1: Ball 1-1: Foul Ball, location: 2F 1-2: Fly out, F7 (Line Drive, 7, EV 90.6 MPH)
|
Batting: LHB Pat Sheridan
|
0-0: Called Strike 0-1: Swinging Strike 0-2: Ball 1-2: Strikes out looking
|
Top of the 4th over - 0 runs, 0 hits, 0 errors, 0 left on base; Elmira 0 - Reading 1 |
BOTTOM OF THE 4TH |
Reading Phillies batting - Pitching for Elmira Pioneers : LHP Bill Scherrer
|
Batting: RHB Dave Sax
|
0-0: Called Strike 0-1: Ball 1-1: Ground out 1-3 (Groundball, 13, EV 73.8 MPH)
|
Batting: LHB Paul Hertzler
|
0-0: Ball 1-0: Foul Ball, location: 2F 1-1: Ball 2-1: Ball 3-1: SINGLE (Groundball, 25, EV 67.5 MPH) (infield hit)
|
Batting: RHB Jose Flores
|
0-0: Fly out, F8 (Flyball, 89S, EV 81.9 MPH)
|
Batting: LHB Kenneth Baker
|
Pickoff Throw to First - Error! E1 Paul Hertzler to second 0-0: Fly out, F8 (Line Drive, 8LD, EV 108.1 MPH)
|
Bottom of the 4th over - 0 runs, 1 hit, 1 error, 1 left on base; Elmira 0 - Reading 1 |
TOP OF THE 5TH |
Elmira Pioneers batting - Pitching for Reading Phillies : RHP Greg Field
|
Batting: RHB Paul O'Neill
|
0-0: SINGLE (Line Drive, 8LS, EV 91.3 MPH)
|
Batting: RHB Greg Baker
|
0-0: Called Strike 0-1: Fielders Choice at 2nd, 6-4 (Groundball, 6, EV 90.6 MPH)
|
Batting: SHB Esteban Mendez
|
0-0: Fly out, F8 (Flyball, 8RXD, EV 87.5 MPH) Runner from 1st tags up, SAFE at 2nd
|
Batting: RHB Greg Keatley
|
0-0: Ball 1-0: Foul Ball, location: 2F 1-1: Foul Ball, location: 2F 1-2: Foul Ball, location: 2F 1-2: Ball 2-2: Ball 3-2: Foul Ball, location: 2F 3-2: Base on Balls
|
Batting: RHB Richard Givens
|
0-0: Ball 1-0: Foul Ball, location: 2F 1-1: SINGLE (Flyball, 5D, EV 88.1 MPH) Greg Baker to third Greg Keatley to second Runner from 3rd tries for Home, SAFE, throw by LF to home
|
Batting: LHB German Barranca
|
0-0: Fly out, F7 (Flyball, 7S, EV 93.8 MPH)
|
Top of the 5th over - 1 run, 2 hits, 0 errors, 2 left on base; Elmira 1 - Reading 1 |
BOTTOM OF THE 5TH |
Reading Phillies batting - Pitching for Elmira Pioneers : LHP Bill Scherrer
|
Batting: RHB Mark Sproesser
|
0-0: Swinging Strike 0-1: Foul Ball, location: 2F 0-2: Fly out, F8 (Flyball, 8RD, EV 103.1 MPH)
|
Batting: LHB Art Miles
|
0-0: Foul Ball, location: 2F 0-1: SOLO HOME RUN (Flyball, 9LD, EV 87.5 MPH), Distance : 342 ft
|
Batting: SHB Steven Malito
|
0-0: Ball 1-0: Called Strike 1-1: Called Strike 1-2: Foul Ball, location: 2F 1-2: SINGLE (Line Drive, 4D, EV 97.5 MPH)
|
Batting: RHB Greg Dahl
|
0-0: Ball Steven Malito steals 2nd base 1-0: Foul Ball, location: 2F 1-1: Fly out, F9 (Flyball, 89M, EV 84.4 MPH)
|
Batting: LHB Pedro Rabassa
|
0-0: Called Strike 0-1: Called Strike 0-2: Ball 1-2: Ball 2-2: Foul Ball, location: 2F 2-2: DOUBLE (Line Drive, 9LM, EV 100.6 MPH) Steven Malito scores
|
Batting: RHB Dave Sax
|
0-0: Ball 1-0: Called Strike 1-1: Called Strike 1-2: Strikes out looking
|
Bottom of the 5th over - 2 runs, 3 hits, 0 errors, 1 left on base; Elmira 1 - Reading 3 |
TOP OF THE 6TH |
Elmira Pioneers batting - Pitching for Reading Phillies : RHP Greg Field
|
Batting: RHB Fred Manrique
|
0-0: Ball 1-0: Ball 2-0: Ball 3-0: Base on Balls
|
Batting: LHB Neil Fiala
|
0-0: Ball 1-0: Sac Bunt to 2R - play at first, batter OUT! 2-4 Fred Manrique to second
|
Batting: LHB Pat Sheridan
|
0-0: Called Strike 0-1: Ground out 1-3 (Groundball, 34S, EV 88.1 MPH) Fred Manrique to third
|
Batting: RHB Paul O'Neill
|
0-0: Ground out 4-3 (Groundball, 4, EV 103.1 MPH)
|
Top of the 6th over - 0 runs, 0 hits, 0 errors, 1 left on base; Elmira 1 - Reading 3 |
BOTTOM OF THE 6TH |
Reading Phillies batting - Pitching for Elmira Pioneers : LHP Bill Scherrer
|
Batting: LHB Paul Hertzler
|
0-0: Ground out U3 (Groundball, 3, EV 85.6 MPH)
|
Batting: RHB Jose Flores
|
0-0: Foul Ball, location: 2F 0-1: Ball 1-1: Foul Ball, location: 2F 1-2: Ball 2-2: Ground out 5-3 (Groundball, 56, EV 81.3 MPH)
|
Batting: LHB Kenneth Baker
|
0-0: Ball 1-0: Called Strike 1-1: Ball 2-1: Fly out, F8 (Flyball, 8RS, EV 76.3 MPH)
|
Bottom of the 6th over - 0 runs, 0 hits, 0 errors, 0 left on base; Elmira 1 - Reading 3 |
TOP OF THE 7TH |
Elmira Pioneers batting - Pitching for Reading Phillies : RHP Greg Field
|
Batting: RHB Greg Baker
|
0-0: Called Strike 0-1: Foul Ball, location: 2F 0-2: Ball 1-2: Fly out, F8 (Flyball, 8LD, EV 93.1 MPH)
|
Batting: SHB Esteban Mendez
|
0-0: Fly out, F8 (Line Drive, 8LM, EV 97.5 MPH)
|
Batting: RHB Greg Keatley
|
0-0: SINGLE (Line Drive, 6MD, EV 95.6 MPH)
|
Batting: RHB Richard Givens
|
0-0: Foul Ball, location: 2F 0-1: Ball 1-1: Ground out 5-3 (Groundball, 56, EV 86.3 MPH)
|
Top of the 7th over - 0 runs, 1 hit, 0 errors, 1 left on base; Elmira 1 - Reading 3 |
BOTTOM OF THE 7TH |
Reading Phillies batting - Pitching for Elmira Pioneers : LHP Bill Scherrer
|
Batting: RHB Mark Sproesser
|
0-0: Fly out, F7 (Flyball, 78D, EV 85.0 MPH)
|
Batting: LHB Art Miles
|
0-0: Ball 1-0: Foul Ball, location: 2F 1-1: Swinging Strike 1-2: TRIPLE (Line Drive, 89XD, EV 106.9 MPH)
|
Batting: SHB Steven Malito
|
0-0: Called Strike 0-1: Ball 1-1: Called Strike Steal of home, Art Miles is out 1-2: Ball 2-2: Foul Ball, location: 2F 2-2: Ball 3-2: Fly out, F9 (Flyball, 89M, EV 94.4 MPH)
|
Bottom of the 7th over - 0 runs, 1 hit, 0 errors, 0 left on base; Elmira 1 - Reading 3 |
TOP OF THE 8TH |
Elmira Pioneers batting - Pitching for Reading Phillies : RHP Greg Field
|
Batting: LHB German Barranca
|
0-0: Called Strike 0-1: Foul Ball, location: 2F 0-2: Foul Ball, location: 2F 0-2: Ball 1-2: Ground out 1-3 (Groundball, 15S, EV 63.1 MPH)
|
Batting: RHB Fred Manrique
|
0-0: SINGLE (Line Drive, 8LS, EV 106.9 MPH)
|
Batting: LHB Neil Fiala
|
0-0: Grounds into double play, 5-4-3 (Groundball, 56S, EV 86.9 MPH)
|
Top of the 8th over - 0 runs, 1 hit, 0 errors, 0 left on base; Elmira 1 - Reading 3 |
BOTTOM OF THE 8TH |
Reading Phillies batting - Pitching for Elmira Pioneers : LHP Bill Scherrer
|
Batting: RHB Greg Dahl
|
0-0: Fly out, F6 (Popup, 6MS, EV 80.6 MPH)
|
Batting: LHB Pedro Rabassa
|
0-0: Fly out, F9 (Flyball, 89D, EV 102.5 MPH)
|
Batting: RHB Dave Sax
|
0-0: Called Strike 0-1: Ball 1-1: Foul Ball, location: 2F 1-2: Ball 2-2: Ball 3-2: Foul Ball, location: 2F 3-2: SINGLE (Line Drive, 8LS, EV 93.8 MPH)
|
Batting: LHB Paul Hertzler
|
0-0: Ball 1-0: Called Strike 1-1: Ball 2-1: Ball 3-1: Fly out, F8 (Flyball, 89D, EV 98.1 MPH)
|
Bottom of the 8th over - 0 runs, 1 hit, 0 errors, 1 left on base; Elmira 1 - Reading 3 |
TOP OF THE 9TH |
Elmira Pioneers batting - Pitching for Reading Phillies : RHP Greg Field
|
Batting: LHB Pat Sheridan
|
0-0: Ball 1-0: Foul Ball, location: 2F 1-1: Ground out U3 (Groundball, 3L, EV 99.4 MPH)
|
Batting: RHB Paul O'Neill
|
0-0: Foul Ball, location: 2F 0-1: Foul Ball, location: 2F 0-2: Ball 1-2: Foul Ball, location: 2F 1-2: Ball 2-2: Ball 3-2: SINGLE (Flyball, 9S, EV 96.9 MPH)
|
Batting: RHB Greg Baker
|
0-0: Called Strike 0-1: Foul Ball, location: 2F 0-2: Ball 1-2: Fielders Choice at 2nd, 4-6 (Groundball, 4, EV 95.6 MPH)
|
Batting: SHB Esteban Mendez
|
0-0: Ball 1-0: Called Strike 1-1: Fly out, F8 (Flyball, 8LS, EV 90.0 MPH)
|
Top of the 9th over - 0 runs, 1 hit, 0 errors, 1 left on base; Elmira 1 - Reading 3 |
|